 Dungeon Crawl Stone Soup version 0.31.0-4-g52a2dc7128 (webtiles) character file.

Game seed: 6984648509488495036

11 Xavori the Trooper (level 2, 0/25 HPs)
             Began as a Djinni Chaos Knight on Jan 22, 2024.
             Was a Plaything of Xom.
             Slain by Sigmund
             ... wielding a +0 scythe
              (10 damage)
             ... on level 2 of the Dungeon.
             The game lasted 00:00:24 (286 turns).

Xavori the Trooper (Djinni Chaos Knight)             Turns: 286, Time: 00:00:24

Health: 0/25       AC:  5    Str:  9 (11) XL:     2   Next: 40%
Gold:   24         EV: 11    Int: 12 (13) God:    Xom [..*...] SH:  0 Dex: 10 (12)

rFire   + + .        a - +0 falchion (chaos)
rCold   x . .        (no shield)
rNeg    . . .        b - +2 leather armour
rPois   ∞            (no helmet)
rElec   .            (no cloak)
rCorr   .            (no gloves)
SInv    .            (boots unavailable)
Will    .....        (no amulet)
Stlth   +            (no ring)
HPRegen 0.24/turn    (no ring)
MPRegen 0.00/turn

%: infuse magic (-1 HP)
@: flying, invisible
A: sickness immunity, fire resistance 2, cold vulnerability 1, float, innate
caster, HP casting, extra vitality 1
a: Renounce Religion


You were on level 2 of the Dungeon.
You worshipped Xom.
You were a toy of Xom.
You visited 1 branch of the dungeon, and saw 2 of its levels.

You collected 24 gold pieces.

Inventory:

Hand Weapons
 a - a +0 falchion of chaos (weapon)
Armour
 b - a +2 leather armour (worn)
Scrolls
 c - a scroll of butterflies
 d - 2 scrolls of fear {unknown}
 e - 3 scrolls of fog {unknown}
Potions
 h - a potion of curing {unknown}


   Skills:
 + Level 3.1 Fighting
 + Level 2.9 Long Blades
 + Level 1.0 Armour
 + Level 2.2 Dodging
 * Level 0.1 Spellcasting
 * Level 0.1 Conjurations
 * Level 0.1 Hexes
 * Level 0.1 Summonings
 * Level 0.1 Necromancy
 * Level 0.1 Translocations
 * Level 0.1 Fire Magic
 * Level 0.1 Ice Magic
 * Level 0.1 Air Magic
 * Level 0.1 Earth Magic
 * Level 0.1 Alchemy You didn't know any spells. Your spell library was empty.

Dungeon Overview and Level Annotations

Branches:
Dungeon (1/15)

Altars:

Shops:
D:1 (

Annotations:
D:2 Sigmund


Innate Abilities, Weirdness & Mutations

You are immune to sickness and miasma.
You are immune to poison.
Your flesh is very heat resistant. (rF++)
You are vulnerable to cold. (rC-)
You float through the air rather than walking.
You learn spells naturally, not from books.
Your magical power is your life essence.
You have superior vitality. (+4 MHP)


Message History

You completely miss something.
An adder comes into view.
Something completely misses you.
You feel less confused.
The adder hisses angrily.
Xom grants you a minor favour.
You fade into invisibility!
Something hits you!
A shower of butterflies erupts from you!
You miss something. The adder bites your butterfly.
Your butterfly dies!
Your butterfly disappears in a puff of smoke!
The adder misses your butterfly.
You closely miss something.
Sigmund appears from thin air!
Reactivating autopickup.
Sigmund hits you with a +0 scythe.
You hit Sigmund but do no damage.
Sigmund is lightly wounded.
The adder closely misses you. Sigmund gestures at you while chanting.
You resist with significant effort. The adder bites you but does no damage.
You closely miss Sigmund.
Sigmund is lightly wounded.
Sigmund gestures at you while chanting. The puff of flame misses you.
The puff of flame hits your butterfly!
Your butterfly dies!
Your butterfly disappears in a puff of smoke!
The adder barely misses you.
You closely miss Sigmund.
Sigmund is lightly wounded.
Sigmund hits your butterfly with a +0 scythe!
Your butterfly dies!
Your butterfly disappears in a puff of smoke!
The adder closely misses you.
You hit Sigmund.
Sigmund is lightly wounded.
The adder barely misses you. Sigmund hits you with a +0 scythe!
You die...
Sigmund begins carving another notch in his scythe.
Xom bursts into laughter!

##.[..................
##......#..........#.
###.####............
#.# #............ #.#
#.†.......... #.#
#.......>..## #.#
#..........#
#b####..........#
#@S...)..########
#@######## #.# #.# #.#
###


You could see Sigmund (unable to see you, ally target) and an adder (unable to
see you).

Vanquished Creatures
  2 bats (D:1)
  2 endoplasms (D:1)
  A goblin (D:1)
  A hobgoblin (D:1)
  A quokka (D:2)
  2 kobolds (D:1)
  A rat (D:2)
10 creatures vanquished.

Notes
Turn   | Place    | Note
-------+----------+-------------------------------------------
     0 | D:1      | Xavori the Djinni Chaos Knight began the quest for the Orb.
     0 | D:1      | Reached XP level 1. HP: 20/20 MP: 0/0
    75 | D:1      | Reached XP level 2. HP: 25/25 MP: 0/0
   130 | D:1      | Found Qiafaidgh's Weapon Boutique.
   195 | D:1      | You are sucked into a shaft and drop 1 floor!
   249 | D:2      | Identified the +10 dagger "Peaf" {flame, Int+4}
   253 | D:2      | Noticed Sigmund
   279 | D:2      | XOM: potion effect (invisibility)
   280 | D:2      | XOM: butterfly on damage
   286 | D:2      | Slain by Sigmund

Illustrated notes

Levels and vault maps discovered:
D:1:      dpeg_arrival_round_a, layout_basic,
          shapermc_ecumenical_altar_acropolis, serial_shops, shop,
          hangedman_decor_push, minmay_misc_feat_more_columns,
          minmay_tetromino_t2
D:2:      layout_rooms, serial_shops, shop, uniq_sigmund

Action                     || total
---------------------------++-------
  Melee: Falchion          ||    35
         Punch             ||     1
    Use: Potion            ||     2
 Armour: Leather armour    ||    26
  Dodge: Dodged            ||    13
